 Dungeon Crawl Stone Soup version 0.20-a0-893-g832831a (webtiles) character file.

65 4thArraOfDagon the Poker (level 3, -3/29 HPs)
             Began as a Mummy Chaos Knight on Mar 17, 2017.
             Slain by Purgy (5 damage)
             ... in a sewer.
             The game lasted 00:02:53 (881 turns).

4thArraOfDagon the Poker (Mummy Chaos Knight)        Turns: 881, Time: 00:02:53

Health: -3/29      AC:  5    Str: 15    XL:     3   Next: 94%
Magic:  3/3        EV: 11    Int: 12    God:    Xom [..*...]
Gold:   23         SH:  0    Dex: 11    Spells: 2/2 levels left

rFire    x x .     SeeInvis .   a - +0 spear (chaos)
rCold    + + .     Gourm    .   b - +2 leather armour
rNeg     + + +     Faith    .   (no shield)
rPois    ∞         Spirit   .   (no helmet)
rElec    .         Reflect  .   (no cloak)
rCorr    .         Harm     .   (no gloves)
MR       .....                  (no boots)
Stlth    +.........             e - amulet of rage
Regen    0.1/turn               (no ring)
MPRegen  0.1/turn               h - ring of ice

@: no status effects
A: no food or potions, fire vulnerability, cold resistance 1, negative energy
resistance 3, torment resistance, unbreathing
a: Renounce Religion


You were in a sewer.
You worshipped Xom.
You were a toy of Xom.
You were not hungry.

You visited 1 branch of the dungeon, and saw 4 of its levels.
You also visited: Sewer.

You collected 23 gold pieces.

Inventory:

Hand Weapons
 a - a +0 spear of chaos (weapon)
Armour
 b - a +2 leather armour (worn)
Jewellery
 e - an amulet of rage (around neck)
 h - a ring of ice (left hand)
Wands
 c - a wand of random effects (16/48)
Scrolls
 d - a scroll of fear {unknown}
 f - 2 scrolls of teleportation
 g - a scroll of immolation {unknown}
 j - a scroll of random uselessness {unknown}


   Skills:
 - Level 3.0 Fighting
 * Level 3.3 Polearms
 + Level 2.1 Armour
 + Level 1.7 Dodging


You had 2 spell levels left.
You didn't know any spells.

Dungeon Overview and Level Annotations

Branches:
Dungeon (4/15)
 Temple: D:4-7

Altars:
Dithmenos
Trog

Annotations:
Sewer Purgy


Innate Abilities, Weirdness & Mutations

You do not eat or drink.
Your flesh is vulnerable to fire.
You are immune to poison.
Your flesh is cold resistant. (rC+)
You are immune to negative energy. (rN+++)
You are immune to unholy pain and torment.
You can survive without breathing.


Message History

Unknown command.
There is an open door here.
You open the door.
Purgy the Meek comes into view.
Purgy shouts!
Found a fuming orange potion.
You hit Purgy.
Purgy appears confused.
Purgy is lightly wounded.
Purgy bites you! Purgy closely misses you. Purgy claws you but does no damage.
You hit Purgy.
Purgy goes berserk!
Purgy is lightly wounded.
You hit Purgy. You freeze Purgy.
Purgy is lightly wounded.
Purgy bites you. Purgy claws you. Purgy barely misses you. Purgy bites you.
* * * LOW HITPOINT WARNING * * *
Purgy claws you.
* * * LOW HITPOINT WARNING * * *
Purgy claws you.
You die...
Xom guffaws!

#..'..∩....∩#
####.≈≈≈.####
####.≈≈≈.####
#!.'.≈≈≈.'†.#
####.≈≈≈.####
####.≈≈≈.####
#%.'.≈≈≈.'..#
####.≈≈≈.####
*#.≈≈≈@#*
#..†.≈≈≈T'.!#
#############
#≈≈≈# #≈≈≈#
#≈≈≈# #≈≈≈#
#≈≈≈#


You could see Purgy (berserk).

Vanquished Creatures
  2 adders (D:3)
  2 worms
  A leopard gecko (D:1)
  A giant cockroach (Sewer)
  2 goblins (D:3)
  4 hobgoblins
  8 jackals
  A quokka (D:2)
  A ball python (D:2)
  7 bats
  4 frilled lizards
  4 kobolds
  A rat (D:3)
38 creatures vanquished.

Notes
Turn   | Place    | Note
-------+----------+-------------------------------------------
     0 | D:1      | 4thArraOfDagon the Mummy Chaos Knight began the quest for the Orb.
     0 | D:1      | Reached XP level 1. HP: 18/18 MP: 1/1
    90 | D:2      | Reached skill level 1 in Dodging
   102 | D:2      | XOM: silly message
   179 | D:3      | Found a bloodstained altar of Trog.
   236 | D:4      | Reached XP level 2. HP: 24/24 MP: 2/2
   326 | D:3      | Reached XP level 3. HP: 12/29 MP: 3/3
   555 | D:3      | Found a shadowy altar of Dithmenos.
   743 | D:3      | Found a glowing drain.
   758 | Sewer    | Entered a sewer
   818 | Sewer    | XOM: divination: magic mapping
   878 | Sewer    | Noticed Purgy
   881 | Sewer    | Slain by Purgy

Vault maps used:
D:1:      lemuel_arrival_behind_the_door_large, serial_park_tiny_pond
D:2:      marbit_many_paths, first_bread
D:3:      bloody_trog, lemuel_round_altar, portal_sewer_entry_e
D:4:      lemuel_temple_firewalk_a, kennysheep_okawaru_gauntlet
Sewer:    kennysheep_door_sewer

Skill      XL: |  1  2  3 |
---------------+----------+-----
Dodging        | 1 |  1.7
Polearms       | 3 |  3.3
Armour         | 2 |  2.1
Fighting       | |  3.0

Action                   || total
-------------------------++-------
Melee: Spear             ||   150
  Use: Scroll            ||     2
 Stab: Confused          ||     1
       Sleeping          ||     1
Armor: Leather armour    ||    32
Dodge: Dodged            ||    58
